 Dungeon Crawl Stone Soup version 0.15.0-12-gccce430 (webtiles) character file.

122 Johnny the Skirmisher (level 5, -1/63 HPs)
             Began as a Human Berserker on Sept 2, 2014.
             Was a Believer of Trog.
             Slain by a gnoll (4 damage)
             ... on Level 2 of the Dungeon.
             The game lasted 00:03:41 (1795 turns).

Johnny the Skirmisher (Human Berserker)             Turns: 1795, Time: 00:03:42

HP  -1/63        AC  5     Str 22      XL: 5   Next: 27%
MP   5/5         EV 11     Int  7      God: Trog [**....]
Gold 60          SH  0     Dex 14      Spells:  0 memorised,  4 levels left

rFire  . . .     SeeInvis .     g - +0 dagger (speed)
rCold  . . .     Clarity  .     d - +0 ring mail
rNeg   . . .     rCorr    .     (no shield)
rPois  .         rRot     .     (no helmet)
rElec  .         Spirit   .     (no cloak)
SustAb .         Warding  .     (no gloves)
rMut   .         Stasis   .     (no boots)
Gourm  .                        (no amulet)
MR     .....                    (no ring)
                                (no ring)

@: berserking, very quick, not resistant to hostile enchantments, extremely
unstealthy
A: no striking features
a: Burn Spellbooks, Berserk, Trog's Hand, Renounce Religion


You were on level 2 of the Dungeon.
You worshipped Trog.
Trog was pleased with you.
You were hungry.

You visited 1 branch of the dungeon, and saw 2 of its levels.

You collected 60 gold pieces.

Inventory:

Hand weapons
 a - a +0 hand axe
 g - a +0 dagger of speed (weapon)
Armour
 b - a +0 animal skin
 d - a +0 ring mail (worn)
Scrolls
 e - a scroll of fear
 f - 2 scrolls of remove curse
 j - a scroll of recharging
 l - a scroll of magic mapping {unknown}
 m - a scroll of blinking {unknown}
 o - 2 scrolls of noise
 r - a scroll of enchant armour {unknown}
 s - a scroll of teleportation {unknown}
Potions
 c - a potion of lignification
 i - 2 potions of brilliance {unknown}
 k - 2 potions of magic {unknown}
 n - 3 potions of might {unknown}
 p - 2 potions of restore abilities {unknown}
 q - a potion of heal wounds {unknown}


   Skills:
 + Level 3.8 Fighting
 + Level 0.4 Short Blades
 + Level 3.3 Axes
 + Level 2.7 Armour
 + Level 3.5 Dodging
 + Level 0.2 Stealth


You had 4 spell levels left.
You didn't know any spells.

Dungeon Overview and Level Annotations

Branches:
Dungeon (2/15)

Altars:
Nemelex Xobeh


Message History

Use which ability? (? or * to list)
A red film seems to cover your vision as you go berserk!
You feel yourself moving faster!
You feel mighty!
You feel somewhat more hungry. The hound barely misses you.
You closely miss the hound.
The hound is moderately wounded.
The hound bites you.
* * * LOW HITPOINT WARNING * * *
You slash the hound!
You kill the hound!
Trog accepts your kill.
You have reached level 5!
The hound completely misses you. The gnoll hits you.
* * * LOW HITPOINT WARNING * * *
You closely miss the gnoll. The hound bites you.
* * * LOW HITPOINT WARNING * * *
You hit the gnoll.
The gnoll is heavily wounded.
The gnoll hits you.
You die...

##.⌠.⌠...........#......#
#........................
##.............##.#...###
#...<.............#.##
#.............##..#.#
#...###.####.###..#.#
#...# #.# ##.###..#.# #
#...# #.# #.........# #
#...# #@# #..###..### ##
#.....gh.....###..# #.
#.#...P.P.........## #.
#.###'###.....(..# #. #
..' ##.##....# #. ..# #
#...#.# #. ..+
#...#...####. ####
#..###....... ##.
#..#%..##


You could see a hound and a gnoll.

Vanquished Creatures
  A hound (D:2)
  Terence (D:2)
  4 adders (D:2)
  A worm (D:2)
  2 giant geckos
  5 hobgoblins (D:1)
  A quokka (D:2)
  8 bats
  A giant cockroach (D:2)
  3 giant newts
  3 goblins
  A goblin skeleton (D:2)
  A goblin zombie (D:2)
  6 kobolds
  A kobold zombie (D:2)
  5 rats
44 creatures vanquished.

Notes
Turn   | Place    | Note
--------------------------------------------------------------
     0 | D:1      | Johnny, the Human Berserker, began the quest for the Orb.
     0 | D:1      | Reached XP level 1. HP: 18/18 MP: 1/1
   545 | D:1      | Reached XP level 2. HP: 22/24 MP: 2/2
   990 | D:2      | Reached XP level 3. HP: 27/29 MP: 3/3
  1385 | D:2      | Reached XP level 4. HP: 24/35 MP: 4/4
  1394 | D:2      | Acquired Trog's second power
  1568 | D:2      | Noticed Terence
  1587 | D:2      | Killed Terence
  1771 | D:2      | Found a sparkling altar of Nemelex Xobeh.
  1792 | D:2      | Reached XP level 5. HP: 10/42 MP: 5/5
  1794 | D:2      | HP: 3/63 [hound (4)]
  1795 | D:2      | Slain by a gnoll

Action                   |  1- 3 |  4- 6 || total
-------------------------+-------+-------++-------
Melee: Hand axe          |    16 |       ||    16
       Dagger            |   125 |   129 ||   254
Invok: Berserk           |       |     3 ||     3
  Use: Scroll            |       |     5 ||     5
  Eat: Bread ration      |     1 |       ||     1
